 Dungeon Crawl Stone Soup version 0.18.1-1-g2f07953 (webtiles) character file.

4229 Sixotanaka the Carver (level 10, -3/84 HPs)
             Began as a Human Fighter on May 15, 2016.
             Was an Initiate of Okawaru.
             Slain by a troll (5 damage)
             ... on level 9 of the Dungeon.
             The game lasted 00:25:22 (10941 turns).

Sixotanaka the Carver (Human Fighter)              Turns: 10941, Time: 00:25:23

Health: -3/84      AC:  9    Str: 24    XL:     10   Next: 55%
Magic:  3/3        EV:  9    Int: 15    God:    Okawaru [......]
Gold:   357        SH:  6    Dex: 14    Spells: 0 memorised, 9 levels left

rFire  + . .     SeeInvis .     a - +7 falchion "Wouqud" {antimagic, *Corrode rElec Str+4}
rCold  + + .     Gourm    .     G - +1 scale mail "Ustrexaha" {rC+ MR+}
rNeg   + . .     Faith    +     E - +1 buckler of the Equator {-Cast rC+ Int+4}
rPois  .         Spirit   .     y - +0 helmet
rElec  +         Dismiss  .     D - +2 cloak
rCorr  .         Reflect  .     (no gloves)
SustAt .         Harm     .     (no boots)
MR     +....     NoCast   +     B - amulet of faith {!P}
Stlth  ..........               x - ring of positive energy
                                q - +2 ring of strength

@: somewhat resistant to hostile enchantments, extremely unstealthy
A: clever 1, deformed body, fire resistance 1, high mp 1, robust 2
a: Renounce Religion


You were on level 9 of the Dungeon.
You worshipped Okawaru.
Okawaru was noncommittal.
You were not hungry.

You visited 2 branches of the dungeon, and saw 10 of its levels.

You collected 357 gold pieces.


Innate Abilities, Weirdness & Mutations

Your mind is acute. (Int +2)
Armour fits poorly on your strangely shaped body.
Your flesh is heat resistant.
You have an increased reservoir of magic (+10% MP).
You are very robust (+20% HP).


   Skills:
 + Level 3.5 Fighting
 - Level 14.0 Long Blades
 - Level 3.0 Armour
 - Level 3.0 Shields


You had 9 spell levels left.
You didn't know any spells.

Dungeon Overview and Level Annotations

Branches:
Dungeon (9/15)             Temple (1/1) D:5
   Lair: D:8-11         Orc: D:9-12

Altars:
Ashenzari
Cheibriados
Dithmenos
Elyvilon
Fedhas
Gozag
Kikubaaqudgha
Makhleb
Nemelex Xobeh
Okawaru
Pakellas
Qazlal
Ru
Sif Muna
Trog
Vehumet
Xom
Yredelemnul
Zin
The Shining One

Shops:
D:4 *

Annotations:
D:8 Erolcha

Inventory:

Hand Weapons
 a - the +7 falchion "Wouqud" (weapon) {antimagic, *Corrode rElec Str+4}
   (You found it on level 8 of the Dungeon)

   It disrupts the flow of magical energy around spellcasters and certain
   magical creatures (including the wielder).
   It affects your strength (+4).
   It insulates you from electricity.
   It may corrode you when you take damage.
 b - a +0 blowgun
 H - a +1 long sword
Missiles
 v - 61 poisoned needles
Armour
 c - a +0 shield
 t - a +1 scale mail of positive energy
   (You found it on level 6 of the Dungeon)
 y - a +0 helmet (worn)
 D - a +2 cloak (worn)
 E - the +1 buckler of the Equator (worn) {-Cast rC+ Int+4}
   (You found it on level 7 of the Dungeon)

   It affects your intelligence (+4).
   It protects you from cold.
   It prevents spellcasting.
 G - the +1 scale mail "Ustrexaha" (worn) {rC+ MR+}
   (You found it on level 8 of the Dungeon)

   It protects you from cold.
   It affects your resistance to hostile enchantments.
Jewellery
 j - an uncursed amulet of guardian spirit
 q - a +2 ring of strength (left hand)
 x - a ring of positive energy (right hand)
 B - an amulet of faith (around neck) {!P}
Wands
 p - a wand of iceblast (12/15)
Scrolls
 e - 5 scrolls of enchant weapon
 g - 2 scrolls of amnesia
 h - 2 scrolls of blinking {unknown}
 i - 3 scrolls of teleportation {unknown}
 l - a scroll of fog {unknown}
 n - 3 scrolls of fear
 o - 7 scrolls of remove curse {@r2}
 r - 5 scrolls of random uselessness
 s - 3 scrolls of enchant armour
 u - a scroll of identify {@r1}
 C - 4 scrolls of noise {unknown}
 F - 2 scrolls of recharging {unknown}
Potions
 m - a potion of cancellation {unknown}
 A - a potion of cure mutation {unknown}
Books
 w - a book of Unlife
 z - a book of the Dragon
Comestibles
 d - 7 royal jellies
 f - 5 bread rations
 k - 2 meat rations
 I - a chunk of flesh

#. #.. #..#
#..# ##..#
...# ##T.#
#@..#
#...##
#..).#
#.$...# #
........
####
).........
##.y.
!....#####.
..?..
....>.#
.!... ...##


You could see a troll.


Message History

You remove your amulet of guardian spirit.
You feel a surge of divine interest.
B - an amulet of faith (around neck) {!P}
There is an open door here.
Found a potion of mutation.
A killer bee comes into view.
The killer bee buzzes angrily.
There is a stone staircase leading up here.
The killer bee stings you!
A killer bee comes into view.
The killer bee buzzes angrily.
You slash the killer bee! You block the killer bee's attack.
A killer bee comes into view.
You miss the killer bee.
The killer bee buzzes angrily.
The killer bee stings you.
A killer bee comes into view.
You closely miss the killer bee.
The killer bee buzzes angrily.
The killer bee misses you. The killer bee completely misses you.
You block the killer bee's attack.
You climb upwards.
Level annotation: Erolcha
There is a stone staircase leading down here.
You completely miss the killer bee.
The killer bee stings you but does no damage.
The killer bee stings you.
You miss the killer bee. The killer bee barely misses you.
You closely miss the killer bee. The killer bee barely misses you.
You slash the killer bee!
You kill the killer bee!
Okawaru accepts your kill.
No target in view!
There is a stone staircase leading down here.
You climb downwards.
A troll comes into view.
Found a dagger, 9 gold pieces, a long sword and a potion of lignification.
Found a stone staircase leading down.
There is a stone staircase leading up here.
You closely miss the troll. You block the troll's attack.
The troll claws you but does no damage. The troll misses you.
You slash the troll! You slash the troll! You block the troll's attack. x2
The troll claws you but does no damage.
You closely miss the troll. You slash the troll! The troll bites you!
The troll claws you. x2
You completely miss the troll. The troll barely misses you. x2
The troll claws you.
You closely miss the troll. You closely miss the troll.
The troll barely misses you. The troll claws you. The troll barely misses you.
You closely miss the troll. The troll bites you but does no damage.
The troll barely misses you. The troll claws you.
You hit the troll. You barely miss the troll. The troll bites you!
* * * LOW HITPOINT WARNING * * *
You block the troll's attack. The troll claws you!
* * * LOW HITPOINT WARNING * * *
You closely miss the troll. You completely miss the troll.
You block the troll's attack. The troll claws you.
* * * LOW HITPOINT WARNING * * *
The troll claws you!
* * * LOW HITPOINT WARNING * * *
Drink which item? (? for menu, Esc to quit)
Okay, then.
You slash the troll! The troll bites you!
* * * LOW HITPOINT WARNING * * *
The troll claws you but does no damage. The troll claws you.
You die...

Action                   |  1- 3 |  4- 6 |  7- 9 | 10-12 || total
-------------------------+-------+-------+-------+-------++-------
Melee: Long sword        |   100 |   191 |   381 |   159 ||   831
       Falchion          |       |       |       |    27 ||    27
 Fire: Blowgun           |       |       |     3 |       ||     3
  Use: Scroll            |     1 |     5 |     3 |       ||     9
       Potion            |       |     2 |     7 |       ||     9
  Eat: Chunk             |     2 |     8 |    12 |     1 ||    23
       Royal jelly       |       |       |     1 |       ||     1
       Beef jerky        |       |       |     3 |       ||     3
       Meat ration       |       |       |     1 |       ||     1
       Bread ration      |       |       |       |     1 ||     1
Armor: Scale mail        |    32 |    84 |   143 |    70 ||   329
       Skin              |       |       |    24 |       ||    24
Dodge: Dodged            |    19 |    51 |   119 |    89 ||   278
Block: Shield            |    40 |    93 |   133 |       ||   266
       Buckler           |       |       |    61 |    59 ||   120

Vault maps used:
D:1:      minmay_arrival_loop
D:2:      serial_forest, infiniplex_forest_lined_corner,
          infiniplex_forest_lined_1, infiniplex_forest_lined_room_2,
          infiniplex_forest_corner_2, infiniplex_forest_straight_3,
          infiniplex_forest_straight_4, infiniplex_forest_straight_4,
          infiniplex_forest_lined_room_3, infiniplex_forest_pool
D:3:      overflow_temple_1_default, nicolae_dithmenos_through_a_glass_darkly,
          uniq_robin
D:4:      kennysheep_little_box, marbit_many_paths, first_bread,
          nicolae_elemental_shop, uniq_crazy_yiuf_cottage
D:5:      minmay_temple_entry_statues_fountains, uniq_grinder
D:6:      uniq_sigmund, uniq_edmund
D:7:      lemuel_crystal_altar
D:8:      zin_academy, david_nohive_1, bloody_trog, uniq_erolcha
D:9:      gammafunk_temple_overflow_statue
Temple:   water_room_temple_b_12

Notes
Turn   | Place    | Note
--------------------------------------------------------------
     0 | D:1      | Sixotanaka the Human Fighter began the quest for the Orb.
     0 | D:1      | Reached XP level 1. HP: 18/18 MP: 1/1
   186 | D:1      | Reached XP level 2. HP: 24/24 MP: 2/2
   276 | D:1      | HP: 6/24 [hobgoblin/club (1)]
   545 | D:1      | Reached skill level 3 in Long Blades
   877 | D:1      | Reached XP level 3. HP: 29/29 MP: 3/3
  1428 | D:2      | Reached XP level 4. HP: 28/35 MP: 4/4
  1430 | D:2      | Reached skill level 4 in Long Blades
  2358 | D:3      | Reached XP level 5. HP: 41/41 MP: 5/5
  2477 | D:3      | Reached skill level 5 in Long Blades
  2535 | D:3      | Found an oddly glowing altar of Pakellas.
  2657 | D:3      | Found a shadowy altar of Dithmenos.
  2986 | D:3      | Noticed Robin
  2997 | D:3      | Killed Robin
  2997 | D:3      | Reached XP level 6. HP: 40/47 MP: 4/6
  3143 | D:4      | Reached skill level 6 in Long Blades
  3555 | D:4      | Gained mutation: You are robust (+10% HP). [potion of beneficial mutation]
  3612 | D:4      | Found a white marble altar of Elyvilon.
  3653 | D:4      | Found a bloodstained altar of Trog.
  3785 | D:4      | Found Daefonir's Elemental Accessories.
  3902 | D:4      | You fall through a shaft for 2 floors!
  3913 | D:6      | Reached XP level 7. HP: 57/57 MP: 7/7
  3953 | D:6      | Reached skill level 7 in Long Blades
  3979 | D:5      | Entered Level 5 of the Dungeon
  4010 | D:4      | Noticed Crazy Yiuf
  4024 | D:4      | Killed Crazy Yiuf
  4440 | D:5      | Found a staircase to the Ecumenical Temple.
  4449 | Temple   | Entered the Ecumenical Temple
  4609 | D:5      | Noticed Grinder
  4627 | D:5      | Killed Grinder
  4627 | D:5      | Reached skill level 8 in Long Blades
  4873 | D:5      | Reached XP level 8. HP: 50/63 MP: 8/8
  4877 | D:5      | Gained mutation: Armour fits poorly on your strangely shaped body. [mutagenic meat]
  4878 | D:5      | Gained mutation: You are very robust (+20% HP). [mutagenic meat]
  4879 | D:5      | Gained mutation: Your mind is acute. (Int +2) [mutagenic meat]
  4880 | D:5      | Gained mutation: Your flesh is heat resistant. [mutagenic meat]
  4977 | D:5      | Reached skill level 9 in Long Blades
  5506 | D:6      | Noticed Sigmund
  5531 | D:6      | Killed Sigmund
  5534 | D:6      | Gained mutation: You have an increased reservoir of magic (+10% MP). [potion of beneficial mutation]
  5591 | D:6      | Noticed Edmund
  5605 | D:6      | Reached skill level 10 in Long Blades
  5630 | D:6      | Killed Edmund
  5783 | D:7      | Reached XP level 9. HP: 55/75 MP: 7/9
  5991 | D:7      | Found a snail-covered altar of Cheibriados.
  6315 | D:7      | HP: 18/75 [killer bee (2)]
  6317 | D:7      | HP: 7/75 [killer bee (5)]
  6320 | D:7      | Reached skill level 11 in Long Blades
  7016 | D:7      | HP: 26/112 [poisoned by a killer bee]
  7021 | D:7      | HP: 19/112 [poisoned by a killer bee]
  7027 | D:7      | HP: 15/112 [poisoned by a killer bee]
  7032 | D:7      | HP: 12/112 [poisoned by a killer bee]
  7038 | D:7      | HP: 11/112 [poisoned by a killer bee]
  7044 | D:7      | HP: 11/112 [poisoned by a killer bee]
  7052 | D:7      | HP: 7/75 [poisoned by a killer bee]
  7391 | D:7      | Got a slimy buckler
  7402 | D:7      | Identified the +1 buckler of the Equator {-Cast rC+ Int+4} (You found it on level 7 of the Dungeon)
  7656 | D:7      | Reached skill level 12 in Long Blades
  8702 | D:7      | Reached XP level 10. HP: 43/84 MP: 8/11
  8922 | D:8      | Noticed Erolcha
  8934 | D:7      | Reached skill level 13 in Long Blades
  9271 | D:7      | HP: 18/84 [killer bee (7)]
  9276 | D:7      | HP: 15/84 [poisoned by a killer bee]
  9282 | D:7      | HP: 12/84 [poisoned by a killer bee]
  9288 | D:7      | HP: 10/84 [poisoned by a killer bee]
  9296 | D:7      | HP: 10/84 [poisoned by a killer bee]
  9304 | D:7      | HP: 10/84 [poisoned by a killer bee]
  9935 | D:7      | HP: 21/84 [poisoned by a queen bee]
  9940 | D:7      | HP: 18/84 [poisoned by a queen bee]
  9945 | D:7      | HP: 17/84 [poisoned by a queen bee]
  9950 | D:7      | HP: 16/84 [poisoned by a queen bee]
  9957 | D:7      | HP: 16/84 [poisoned by a queen bee]
  9965 | D:7      | HP: 15/84 [poisoned by a queen bee]
 10493 | D:8      | Found a bloodstained altar of Trog.
 10553 | D:8      | Reached skill level 14 in Long Blades
 10585 | D:8      | Got a bloodstained scale mail
 10598 | D:8      | Identified the +1 scale mail "Ustrexaha" {rC+ MR+} (You found it on level 8 of the Dungeon)
 10628 | D:8      | Got a slimy falchion
 10629 | D:8      | Identified the +7 falchion "Wouqud" {antimagic, *Corrode rElec Str+4} (You found it on level 8 of the Dungeon)
 10664 | D:8      | Found a glowing silver altar of Zin.
 10784 | D:9      | Found an iron altar of Okawaru.
 10785 | D:9      | Found a sparkling altar of Nemelex Xobeh.
 10865 | D:9      | Became a worshipper of Warmaster Okawaru
 10940 | D:9      | HP: 17/84 [troll (8)]
 10941 | D:9      | HP: 2/84 [troll (15)]
 10941 | D:9      | Slain by a troll

Vanquished Creatures
  Grinder (D:5)
  A queen bee (D:7)
  Sigmund (D:6)
  A hippogriff (D:8)
  Edmund (D:6)
  A water moccasin (D:8)
  A sky beast (D:5)
  2 black bears (D:7)
  An orc warrior (D:7)
  A phantom (D:8)
  5 ogres
  A centaur (D:6)
  5 giant frogs
  A scorpion (D:4)
  20 killer bees
  4 wights (D:7)
  A howler monkey (D:7)
  7 crimson imps
  A wasp zombie (D:7)
  A jelly (D:7)
  A hound (D:7)
  A centaur skeleton (D:7)
  A giant frog skeleton (D:8)
  4 orc wizards
  2 orc priests
  Crazy Yiuf (D:4)
  An iguana (D:7)
  2 worker ants
  A killer bee zombie (D:7)
  A hound zombie (D:7)
  Robin (D:3)
  A gnoll (D:6)
  A howler monkey skeleton (D:7)
  8 adders
  A shadow imp (D:7)
  2 adder zombies
  2 oozes
  A worm (D:2)
  2 dart slugs
  8 giant geckos
  15 orcs
  4 giant cockroaches
  16 hobgoblins
  4 jackals (D:7)
  3 quokkas
  5 bats
  5 giant newts
  6 goblins
  11 kobolds
  12 rats
180 creatures vanquished.
